 Dungeon Crawl Stone Soup version 0.29.1-2-gbd0b4ee654 (webtiles) character file.

Game seed: 2794920116695741834

53 croobank the Sneak (level 3, 0/28 HPs)
             Began as a Gnoll Wanderer on Nov 18, 2022.
             Constricted to death by Jessica (1 damage)
             ... on level 2 of the Dungeon.
             The game lasted 00:01:49 (1339 turns).

croobank the Sneak (Gnoll Wanderer)                 Turns: 1339, Time: 00:01:50

Health: 0/28       AC:  6    Str: 12    XL:     3   Next: 89%
Magic:  7/7        EV:  8    Int: 12    God:
Gold:   143        SH:  0    Dex: 11    Spells: 6/7 levels left

rFire   . . .      SeeInvis .   a - +2 hand axe
rCold   + . .      Faith    .   (no shield)
rNeg    . . .      Spirit   .   g - +0 ring mail {rC+}
rPois   .          Reflect  .   (no helmet)
rElec   .          Harm     .   (no cloak)
rCorr   .          Rampage  .   (no gloves)
Will    .....                   b - +0 pair of boots
Stlth   ++........              (no amulet)
HPRegen 0.09/turn               (no ring)
MPRegen 0.10/turn               (no ring)

@: grasped by roots, slowed, constricted, very slow
A: fangs 1, strong nose, distributed training
a: no special abilities


You were on level 2 of the Dungeon.
You visited 1 branch of the dungeon, and saw 2 of its levels.

You collected 143 gold pieces.

Inventory:

Hand Weapons
 a - a +2 hand axe (weapon)
Missiles
 h - a throwing net
Armour
 b - a +0 pair of boots (worn)
 d - a +0 leather armour
 g - a +0 ring mail of cold resistance (worn)
Scrolls
 c - 2 scrolls of blinking
 e - 2 scrolls of fog {unknown}
 i - a scroll of poison {unknown}
 k - a scroll of summoning {unknown}
Potions
 f - a potion of mutation {unknown}
 j - 2 potions of might {unknown}
 l - a potion of curing {unknown}


   Skills:
 + Level 2.7 Fighting
 + Level 1.0 Short Blades
 + Level 1.0 Long Blades
 + Level 4.6 Axes
 + Level 1.0 Maces & Flails
 + Level 1.0 Polearms
 + Level 1.0 Staves
 + Level 1.0 Ranged Weapons
 + Level 1.0 Throwing
 + Level 1.0 Armour
 + Level 2.7 Dodging
 + Level 6.0 Stealth
 + Level 1.0 Shields
 + Level 1.0 Unarmed Combat
 + Level 2.9 Spellcasting
 + Level 0.7 Conjurations
 + Level 0.7 Hexes
 + Level 0.7 Summonings
 + Level 3.8 Necromancy
 + Level 0.7 Translocations
 + Level 0.7 Transmutations
 + Level 0.7 Fire Magic
 + Level 0.7 Ice Magic
 + Level 0.7 Air Magic
 + Level 0.7 Earth Magic
 + Level 0.7 Poison Magic
 + Level 1.1 Invocations
 + Level 1.0 Evocations


You had 6 spell levels left.
You knew the following spells:

 Your Spells              Type           Power      Damage    Failure   Level
a - Necrotise             Necr           40%        1d6       12%         1

Your spell library contained the following spells:

 Spells                   Type           Power      Damage    Failure   Level
 Vampiric Draining        Necr           10%        2d6       34%         3


Dungeon Overview and Level Annotations

Branches:
Dungeon (2/15)

Altars:

Annotations:
D:2 Jessica


Innate Abilities, Weirdness & Mutations

You have very sharp teeth.
Your uncanny sense of smell can sniff out nearby items.
Your experience applies equally to all skills.


Message History

The grasping roots grab you!
Jessica is unaffected.
The grasping roots constrict you.
You hit Jessica.
Jessica is lightly wounded.
Jessica points at you and mumbles some strange words.
You feel yourself slow down. The grasping roots constrict you.
You hit Jessica.
Jessica is heavily wounded.
Jessica gestures wildly.
Jessica hits you with a +0 club. The grasping roots constrict you.
Jessica hits you but does no damage. The grasping roots constrict you.
You completely miss Jessica.
Jessica is heavily wounded.
Jessica hits you with a +0 club. The grasping roots constrict you.
Jessica gestures wildly while chanting.
Jessica seems to speed up.
The grasping roots constrict you.
The grasping roots release their grip on you.
You hit Jessica.
Jessica is severely wounded.
Jessica hits you with a +0 club.
Jessica points at you and mumbles some strange words.
Pain shoots through your body!
* * * LOW HITPOINT WARNING * * *
You hit Jessica but do no damage.
Jessica is severely wounded.
Jessica hits you with a +0 club.
* * * LOW HITPOINT WARNING * * *
Jessica gestures wildly while chanting.
Jessica blinks!
You closely miss the adder.
Jessica casts a spell.
Jessica blinks!
Jessica gestures at you while chanting.
You feel as though you will be slow longer.
The adder bites you but does no damage. x2; Jessica zaps a wand.
The roots erupt in riotous growth!
The grasping roots grab you!
The adder is unaffected.
Jessica is unaffected.
The grasping roots constrict you.
You die...

###########
##..........
#...########
#....#######
#...........
#....##.....
#(..###.####
#############.......#
...ยง..S@@......######
################


You could see an adder and Jessica (fast).

Vanquished Creatures
  An adder (D:2)
  2 dart slugs
  A ball python (D:2)
  5 endoplasms
  2 giant cockroaches (D:1)
  2 goblins (D:1)
  3 hobgoblins
  4 jackals (D:1)
  4 kobolds
  3 quokkas
  3 bats
  3 frilled lizards
  4 rats
37 creatures vanquished.

Vanquished Creatures (others)
  A fungus (D:2)
  2 toadstools (D:2)
3 creatures vanquished.

Grand Total: 40 creatures vanquished

Notes
Turn   | Place    | Note
-------+----------+-------------------------------------------
     0 | D:1      | croobank the Gnoll Wanderer began the quest for the Orb.
     0 | D:1      | croobank set off with the following items: a +2 hand axe, a
                  | +0 pair of boots, a scroll of blinking, a +0 leather
                  | armour; and the following spell memorised: Necrotise; and
                  | the following spells available to memorise: Vampiric
                  | Draining.
     0 | D:1      | Reached XP level 1. HP: 17/17 MP: 4/4
    30 | D:1      | Reached XP level 2. HP: 21/23 MP: 5/5
   711 | D:1      | Reached XP level 3. HP: 28/28 MP: 7/7
   868 | D:1      | Reached skill level 6 in Stealth
   989 | D:1      | Reached skill level 1 in Invocations
  1035 | D:2      | Reached skill level 1 in Short Blades
  1035 | D:2      | Reached skill level 1 in Long Blades
  1035 | D:2      | Reached skill level 1 in Maces & Flails
  1035 | D:2      | Reached skill level 1 in Polearms
  1035 | D:2      | Reached skill level 1 in Staves
  1035 | D:2      | Reached skill level 1 in Ranged Weapons
  1035 | D:2      | Reached skill level 1 in Throwing
  1035 | D:2      | Reached skill level 1 in Armour
  1035 | D:2      | Reached skill level 1 in Shields
  1035 | D:2      | Reached skill level 1 in Unarmed Combat
  1035 | D:2      | Reached skill level 1 in Evocations
  1327 | D:2      | Noticed Jessica
  1338 | D:2      | HP: 1/28 [Jessica/+0 club (1)]
  1339 | D:2      | Constricted to death by Jessica

Illustrated notes

Levels and vault maps discovered:
D:1:      lightli_arrival_boilingwater, layout_rooms
D:2:      layout_loops_ring, shapermc_ecumenical_altar_totnotflames,
          serial_glass, glass_columns_a, glass_columns_a, eino_curves_04,
          minmay_gold_behind_fungi, dreamdust_princess_corridor, uniq_jessica

Skill      XL: |  1  2  3 |
---------------+----------+-----
Stealth        | 6 |  6.0
Invocations    | 1 |  1.1
Short Blades   | 1 |  1.0
Long Blades    | 1 |  1.0
Maces & Flails | 1 |  1.0
Polearms       | 1 |  1.0
Staves         | 1 |  1.0
Ranged Weapons | 1 |  1.0
Throwing       | 1 |  1.0
Armour         | 1 |  1.0
Shields        | 1 |  1.0
Unarmed Combat | 1 |  1.0
Evocations     | 1 |  1.0
Fighting       | |  2.7
Axes           | |  4.6
Dodging        | |  2.7
Spellcasting   | |  2.9
Conjurations   | |  0.7
Hexes          | |  0.7
Summonings     | |  0.7
Necromancy     | |  3.8
Translocations | |  0.7
Transmutations | |  0.7
Fire Magic     | |  0.7
Ice Magic      | |  0.7
Air Magic      | |  0.7
Earth Magic    | |  0.7
Poison Magic   | |  0.7

Action                   || total
-------------------------++-------
Melee: Hand axe          ||    98
       Bite              ||     5
       Punch             ||     1
 Stab: Sleeping          ||     5
Armor: Leather armour    ||     8
       Ring mail         ||    28
Dodge: Dodged            ||    60
